 Dungeon Crawl Stone Soup version 0.32-a0-841-g4648e6c457 (webtiles) character file.

Game seed: 18402750942498319382

100 Shayle the Apothecary (level 4, -4/30 HPs)
             Began as a Coglin Alchemist on Mar 26, 2024.
             Killed by psychic fangs
             ... invoked by a brain worm
              (10 damage)
             ... in a sewer.
             The game lasted 00:07:47 (2585 turns).

Shayle the Apothecary (Coglin Alchemist)            Turns: 2585, Time: 00:07:48

Health: -4/30      AC:  4    Str:  8    XL:     4   Next: 73%
Magic:  1/6        EV: 11    Int: 12    God:
Gold:   110        SH:  0    Dex: 17    Spells: 2/6 levels left

rFire   . . .        o - +0 flail {Yejun}
rCold   . . .        g - +0 spear {Nkonkoni}
rNeg    . . .        p - +0 leather armour
rPois   .            (no helmet)
rElec   .            (no cloak)
rCorr   .            (no gloves)
SInv    .            i - +0 pair of boots
Will    .....        (amulet unavailable)
Stlth   ++           (ring unavailable)
HPRegen 0.25/turn    (ring unavailable)
MPRegen 0.10/turn    (no gizmo)

%: no passive effects
@: attractive, very slightly contaminated, revving
A: off-hand wielding, slow wielding, warmup strikes, no jewellery, dopey 1,
screaming 1
a: Invent Gizmo


You were in a sewer.
You visited 1 branch of the dungeon, and saw 3 of its levels.
You also visited: Sewer.

You collected 110 gold pieces.

Inventory:

Hand Weapons
 c - a +0 dagger {Nari}
 g - a +0 spear (offhand) {Nkonkoni}
 n - a +0 whip
 o - a +0 flail (weapon) {Yejun}
Missiles
 h - 3 throwing nets
Armour
 a - a +0 robe
 i - a +0 pair of boots (worn)
 p - a +0 leather armour (worn)
Scrolls
 d - 3 scrolls of teleportation
 e - a scroll of revelation {unknown}
 j - a scroll of immolation {unknown}
 k - a scroll of noise {unknown}
 m - a scroll of identify {unknown}
Potions
 b - a potion of magic


   Skills:
 + Level 1.7 Ranged Weapons
 + Level 2.6 Dodging
 + Level 2.2 Stealth
 - Level 1.7 Spellcasting
 - Level 0.8 Conjurations
 - Level 3.2 Alchemy
 + Level 1.6 Invocations


You had 2 spell levels left.
You knew the following spells:

 Your Spells              Type           Power      Damage    Failure   Level
a - Sting                 Conj/Alch      24%        1d4       17%         1
b - Mephitic Cloud        Conj/Alch/Air  4%         N/A       56%         3

Your spell library contained the following spells:

 Spells                   Type           Power      Damage    Failure   Level
 Mercury Vapours          Alch/Air       10%        N/A       30%         2
 Cigotuvi's Dreadful Rot  Necr/Alch/Air  6%         N/A       36%         2
 Olgreb's Toxic Radiance  Alch           8%         N/A       71%         4
 Ignite Poison            Fire/Alch      5%         N/A       90%         4
 Sticky Flame             Fire/Alch      5%         2d4       90%         4
 Freezing Cloud           Conj/Ice/Air   0%         6-21      100%        5


Dungeon Overview and Level Annotations

Branches:
Dungeon (3/15)              Sewer (1/1)

Altars:
Hepliaklqana

Annotations:
Sewer Pargi


Innate Abilities, Weirdness & Mutations

You can wield a second weapon in your off-hand.
It takes a long time for you to wield or remove held weapons.
Your first few attacks do less damage.
You cannot equip rings or amulets.
You are dopey. (Int -2)
You occasionally shout uncontrollably at your foes.


Message History

Aiming: Sting (safe; 17% risk of failure)
Press: ? - help, Shift-Dir - straight line, f/p - brain worm
Aim: a brain worm (89% to hit)
You miscast Sting.
Nothing appears to happen.
The brain worm barely misses you.
Unknown command.
It was a potion of attraction.
You feel attractive to monsters. The brain worm bites you.
* * * LOW HITPOINT WARNING * * *
You hit the brain worm but do no damage.
You hit the brain worm with your +0 spear.
The brain worm bites you but does no damage.
Casting: Sting (safe; 17% risk of failure)
Confirm with . or Enter, or press ? or * to list all spells.
Aiming: Sting (safe; 17% risk of failure)
Press: ? - help, Shift-Dir - straight line, f/p - brain worm
Aim: a brain worm (lightly wounded, 89% to hit)
The sting hits the brain worm.
The brain worm is poisoned.
The brain worm is moderately wounded.
The brain worm barely misses you.
You completely miss the brain worm with your +0 flail.
The brain worm is lightly wounded.
You hit the brain worm with your +0 spear.
The brain worm bites you.
* * * LOW HITPOINT WARNING * * *
Casting: Sting (safe; 17% risk of failure)
Confirm with . or Enter, or press ? or * to list all spells.
Aiming: Sting (safe; 17% risk of failure)
Press: ? - help, Shift-Dir - straight line, f/p - brain worm
Aim: a brain worm (moderately wounded, poisoned, 89% to hit)
The sting hits the brain worm but does no damage.
The brain worm looks even sicker.
The brain worm is moderately wounded.
The brain worm closely misses you.
You hit the brain worm with your +0 flail.
The brain worm is moderately wounded.
You hit the brain worm with your +0 spear.
The brain worm's bulging head throbs.
Something gnaws heavily on your mind!
You die...

### ###### #@#
#.##!# #w## #)##.#
#+##'##+##+##'##S#
.............T.
~~~~~~~.~~~~~~~
≈≈≈≈≈≈≈∩≈≈≈≈≈≈≈
~~~~~~~.~~~~~~~
...............
#+##+##.##+##+#


You could see a brain worm (very poisoned).

Vanquished Creatures
  3 adders
  2 dart slugs
  A ribbon worm (D:3)
  4 orcs
  4 ball pythons
  An endoplasm (D:1)
  5 giant cockroaches
  8 goblins
  6 hobgoblins
  6 kobolds
  4 quokkas
  4 bats
  7 frilled lizards
  5 rats
60 creatures vanquished.

Notes
Turn   | Place    | Note
-------+----------+-------------------------------------------
     0 | D:1      | Shayle the Coglin Alchemist began the quest for the Orb.
     0 | D:1      | Reached XP level 1. HP: 13/13 MP: 3/3
   295 | D:1      | Reached XP level 2. HP: 19/19 MP: 0/4
   653 | D:1      | Reached skill level 1 in Ranged Weapons
   867 | D:1      | Reached skill level 1 in Invocations
   960 | D:1      | Reached XP level 3. HP: 24/24 MP: 1/5
  2306 | D:3      | Reached XP level 4. HP: 27/30 MP: 6/6
  2321 | D:3      | Found a hazy altar of Hepliaklqana.
  2546 | D:3      | Found a glowing drain.
  2550 | Sewer    | Entered a sewer
  2566 | Sewer    | Learned a level 3 spell: Mephitic Cloud
  2569 | Sewer    | Noticed Pargi
  2575 | Sewer    | Noticed a brain worm
  2576 | Sewer    | Gained mutation: You are dopey. (Int -2) [potion of
                  | mutation]
  2576 | Sewer    | Gained mutation: You occasionally shout uncontrollably at
                  | your foes. [potion of mutation]
  2576 | Sewer    | HP: 1/30 [brain worm/psychic fangs (4)]
  2585 | Sewer    | Killed from afar by a brain worm

Illustrated notes

Levels and vault maps discovered:
D:1:      dpeg_arrival_chambers_temple_mockup, layout_basic,
          minmay_misc_feat_square, minmay_misc_feat_x,
          chequers_hall_statues_wall_a
D:2:      layout_basic, roderic_serpentine_path
D:3:      layout_loops_cross, mainiacjoe_overflow_catwalk, ashenzari_altar_1,
          serial_shops, nicolae_shop_crystal, gup_sewer_entry_spiral, uniq_robin
Sewer:    kennysheep_door_sewer

Skill      XL: |  1  2  3 |
---------------+----------+-----
Dodging        | 2 |  2.6
Ranged Weapons | 1 |  1.7
Invocations    | 1 |  1.6
Stealth        | 2 |  2.2
Spellcasting   | |  1.7
Conjurations   | |  0.8
Alchemy        | |  3.2

Action                     |  1- 3 |  4- 6 || total
---------------------------+-------+-------++-------
  Melee: Dagger            |    72 |       ||    72
         Spear             |    66 |    61 ||   127
         Flail             |    10 |    64 ||    74
   Cast: Sting             |    41 |     2 ||    43
    Use: Potion            |       |     3 ||     3
         Scroll            |       |     1 ||     1
   Stab: Sleeping          |     2 |     1 ||     3
 Armour: Robe              |    51 |       ||    51
         Leather armour    |     9 |    42 ||    51
  Dodge: Dodged            |    58 |    46 ||   104

Table legend: (Time is in decaauts)
 A = Elapsed time spent in this place.
 B = Non-inter-level travel time spent in this place.
 C = Inter-level travel time spent in this place.
 D = Time resting spent in this place.
 E = Time spent auto-exploring this place.
 F = Levels seen in this place.
 G = Mean time per level.
                   A        B        C        D        E       F      G
               +--------+--------+--------+--------+--------+-----+--------+
         Total |   2627 |   2539 |     88 |    433 |   1312 |   4 |  656.8 |
       Dungeon |   2591 |   2503 |     88 |    433 |   1312 |   3 |  863.7 |
         Sewer |     36 |     36 |      0 |      0 |      0 |   1 |   36.0 |
               +--------+--------+--------+--------+--------+-----+--------+

Top non-repeatable levels by time:
     D:1: 1426 daAuts
     D:2: 687 daAuts
     D:3: 476 daAuts
   Sewer: 36 daAuts
